 Dungeon Crawl Stone Soup version 0.31-a0-876-gfe8ebadbca (webtiles) character file.

Game seed: 7077619967709845698

437 Jeffwins the Sneak (level 6, -2/51 HPs)
             Began as an Armataur Hedge Wizard on July 23, 2023.
             Slain by a water moccasin zombie (5 damage)
             ... in an ossuary on Oct 13, 2023.
             The game lasted 00:13:47 (4495 turns).

Jeffwins the Sneak (Armataur Hedge Wizard)          Turns: 4495, Time: 00:13:48

Health: -2/51      AC:  5    Str: 15    XL:     6   Next: 69%
Magic:  4/10       EV:  9    Int: 17    God:
Gold:   188        SH:  0    Dex:  9    Spells: 2/11 levels left

rFire   . . .        e - +0 trident
rCold   . . .        (no shield)
rNeg    . . .        b - +0 robe
rPois   .            q - +0 helmet
rElec   .            (no cloak)
rCorr   .            (no gloves)
SInv    .            (no barding)
Will    .....        (no amulet)
Stlth   ++           (no ring)
HPRegen 0.28/turn    (no ring)
MPRegen 0.12/turn

%: roll
@: no status effects
A: large, rugged brown scales 3, deformed body, armoured tail, roll, long
tongue, awkward tongue
a: no special abilities


You were in an ossuary.
You visited 1 branch of the dungeon, and saw 4 of its levels.
You also visited: Ossuary.

You collected 188 gold pieces.


Innate Abilities, Weirdness & Mutations

You are completely covered in rugged brown scales. (AC +3, +7% HP)
Armour fits poorly on your strangely shaped body.
You have a long armoured tail.
You roll when moving toward enemies. (Rampage)
Your long tongue fully drains potion bottles. (2x potion effects)
Your tongue gives you trouble enunciating. (1.5x scroll delay)


   Skills:
 + Level 1.7 Fighting
 - Level 1.3 Dodging
 + Level 3.4 Stealth
 + Level 3.1 Spellcasting
 * Level 2.2 Conjurations
 * Level 2.6 Summonings
 - Level 2.0 Translocations
 * Level 1.5 Fire Magic
 + Level 1.0 Air Magic
 * Level 1.0 Earth Magic
 * Level 1.6 Poison Magic
 + Level 0.5 Evocations


You had 2 spell levels left.
You knew the following spells:

 Your Spells              Type           Power      Damage    Failure   Level
m - Mephitic Cloud        Conj/Pois/Air  8%         N/A       26%         3
w - Stone Arrow           Conj/Erth      16%        3d8       26%         3
x - Call Imp              Summ           22%        N/A       9%          2
z - Magic Dart            Conj           40%        1d5       7%          1

Your spell library contained the following spells:

 Spells                   Type           Power      Damage    Failure   Level
 Sandblast                Erth           12%        2d6       12%         1
 Blink                    Tloc           18%        N/A       12%         2
 Slow                     Hex            8%         N/A       17%         1
 Cigotuvi's Dreadful Rot  Necr/Pois/Air  10%        N/A       19%         2
 Passwall                 Tmut/Erth      3%         N/A       22%         2
 Dazzling Flash           Conj/Hex       12%        N/A       32%         3
 Ignite Poison            Fire/Tmut/Pois 6%         N/A       34%         3
 Sticky Flame             Conj/Fire      8%         2d3       63%         4
 Brom's Barrelling Bould  Conj/Erth      8%         2d3       65%         4
 Silence                  Hex/Air        2%         N/A       98%         5
 Agony                    Necr           2%         N/A       99%         5
 Ignition                 Fire           3%         3d4       100%        8

Inventory:

Hand Weapons
 a - a +0 dagger
 e - a +0 trident (weapon)
 p - a +0 flail
Missiles
 n - 8 poisoned darts
 t - 9 stones
Armour
 b - a +0 robe (worn)
 c - a +0 hat
 q - a +0 helmet (worn)
Wands
 s - a wand of paralysis (2)
Scrolls
 g - a scroll of blinking {unknown}
 h - a scroll of torment {!r}
 i - a scroll of enchant weapon {unknown}
 m - a scroll of enchant armour {unknown}
 r - a scroll of fog
Potions
 d - a potion of magic
 j - 2 potions of heal wounds {unknown}
 k - a potion of brilliance {unknown}
 l - a potion of degeneration {unknown}

Dungeon Overview and Level Annotations

Branches:
Dungeon (4/15)            Ossuary (1/1)
 Temple: D:4-7

Altars:
Okawaru
Wu Jian

▒...▒ ▒'▒▒▒ ▒...▒
▒...▒ ▒...▒ ▒...▒
▒'▒▒▒▒▒▒▒▒▒▒▒▒ ▒▒▒
▒...'...▒...5▒...▒
▒...▒...▒..@ZZZ..+
▒...▒...'....▒Z..▒
▒▒▒▒▒▒▒▒▒▒▒▒▒▒ ▒▒▒


You could see a water moccasin zombie (ally target), 2 hobgoblin zombies, a
gnoll zombie and a friendly cerulean imp (summoned).


Message History

The water moccasin zombie resists with significant effort.
Your cerulean imp hits the gnoll zombie from afar with a -3 spear.
The water moccasin zombie completely misses you.
Unknown command.
Unknown command.
Your cerulean imp hits the gnoll zombie but does no damage.
Aiming: Paralyse
Press: ? - help, Shift-Dir - straight line, f/p - water moccasin zombie
Aim: a water moccasin zombie (chance to affect: 62%)
The water moccasin zombie resists with significant effort.
Your cerulean imp hits the gnoll zombie but does no damage.
The water moccasin zombie bites you.
* * * LOW HITPOINT WARNING * * *
Unknown command.
Aiming: Paralyse
Press: ? - help, Shift-Dir - straight line, f/p - water moccasin zombie
Aim: a water moccasin zombie (chance to affect: 62%)
The water moccasin zombie resists with significant effort.
The water moccasin zombie bites you.
* * * LOW HITPOINT WARNING * * *
The hobgoblin zombie misses your cerulean imp.
Your cerulean imp hits the gnoll zombie from afar with a -3 spear.
The gnoll zombie is destroyed!
Unknown command.
Aiming: Paralyse
Press: ? - help, Shift-Dir - straight line, f/p - water moccasin zombie
Aim: a water moccasin zombie (ally target, chance to affect: 62%)
The water moccasin zombie resists with significant effort.
The water moccasin zombie bites you.
You die...

Skill      XL: |  1  2  3  4  5  6 |
---------------+-------------------+-----
Summonings     | 1 2 |  2.6
Fighting       | 1 |  1.7
Conjurations   | 1 2 |  2.2
Stealth        | 3 |  3.4
Spellcasting   | 3 |  3.1
Poison Magic   | 1 |  1.6
Fire Magic     | 1 |  1.5
Translocations | 2 |  2.0
Air Magic      | 1 |  1.0
Earth Magic    | 1 |  1.0
Dodging        | |  1.3
Evocations     | |  0.5

Action                     |  1- 3 |  4- 6 || total
---------------------------+-------+-------++-------
  Melee: Dagger            |   234 |    35 ||   269
         Tailslap          |    32 |    19 ||    51
         Trident           |       |    69 ||    69
         Flail             |       |    15 ||    15
         Punch             |       |     2 ||     2
   Cast: Magic Dart        |    15 |   109 ||   124
         Call Imp          |     4 |    19 ||    23
  Evoke: Wand              |       |     7 ||     7
    Use: Scroll            |       |     2 ||     2
         Potion            |       |     2 ||     2
   Stab: Sleeping          |     4 |     2 ||     6
         Distracted        |       |     1 ||     1
 Armour: Robe              |   115 |   118 ||   233
  Dodge: Dodged            |   120 |    69 ||   189

Levels and vault maps discovered:
D:1:      lightli_arrival_farm, layout_loops_ring, serial_bayou_pond_c,
          minmay_misc_feat_hallway, minmay_tall_x
D:2:      layout_rooms, serial_co_window_serial, co_window_of_opportunity_a,
          co_window_of_opportunity_a, co_window_corner_a, co_window_corner_a,
          co_window_paths_a, co_window_cross_2, co_window_unsneaky_path_a,
          co_window_of_opportunity_b, co_window_corner_b, co_window_corner_b,
          co_window_4corner_a, glass_columns_a, corexii_hall_statues_l
D:3:      layout_basic, nicolae_wu_jian_immortal_techniques, uniq_robin
D:4:      layout_rooms, okawaru_altar_gauntlet_db,
          mainiacjoe_ossuary_entry_find_the_door
Ossuary:  ossuary_tomb_2

Notes
Turn   | Place    | Note
-------+----------+-------------------------------------------
     0 | D:1      | Jeffwins the Armataur Hedge Wizard began the quest for the
                  | Orb.
     0 | D:1      | Reached XP level 1. HP: 14/14 MP: 4/4
    88 | D:1      | Reached skill level 1 in Summonings
   308 | D:1      | Reached XP level 2. HP: 23/23 MP: 5/5
   311 | D:1      | Learned a level 2 spell: Call Imp
   380 | D:1      | HP: 2/23 [quokka (1)]
   628 | D:1      | Reached skill level 1 in Fighting
   744 | D:1      | Reached XP level 3. HP: 10/29 MP: 1/7
   990 | D:1      | Learned a level 3 spell: Mephitic Cloud
  1310 | D:2      | Reached skill level 1 in Conjurations
  1728 | D:2      | Upgraded the game from 0.31-a0-354-g827e0957a7 to
                  | 0.31-a0-876-gfe8ebadbca
  1774 | D:2      | Reached XP level 4. HP: 30/37 MP: 1/8
  2401 | D:3      | Reached skill level 3 in Stealth
  2671 | D:3      | Found an ornate altar of the Wu Jian Council.
  2752 | D:3      | Reached skill level 2 in Summonings
  2780 | D:3      | Reached skill level 3 in Spellcasting
  2866 | D:3      | Noticed Robin
  3062 | D:3      | Reached XP level 5. HP: 42/42 MP: 7/9
  3315 | D:3      | Reached skill level 1 in Poison Magic
  3582 | D:3      | Killed Robin
  4144 | D:4      | Found an iron altar of Okawaru.
  4190 | D:4      | Reached skill level 1 in Fire Magic
  4293 | D:4      | Learned a level 3 spell: Stone Arrow
  4311 | D:4      | Reached XP level 6. HP: 35/50 MP: 8/10
  4324 | D:4      | Found a sand-covered staircase.
  4340 | D:4      | Reached skill level 2 in Conjurations
  4348 | Ossuary  | Entered an ossuary
  4434 | Ossuary  | Reached skill level 2 in Translocations
  4434 | Ossuary  | Reached skill level 1 in Air Magic
  4488 | Ossuary  | Reached skill level 1 in Earth Magic
  4494 | Ossuary  | HP: 3/51 [water moccasin zombie (4)]
  4495 | Ossuary  | Slain by a water moccasin zombie

Vanquished Creatures
  2 water moccasin zombies (Ossuary)
  An iguana (D:4)
  2 hound zombies (D:4)
  A hound skeleton (D:4)
  Robin (D:3)
  2 adders (D:3)
  2 gnolls (D:3)
  An adder skeleton (D:4)
  An adder zombie (Ossuary)
  2 worms
  A dart slug (D:2)
  6 orcs
  6 bats
  4 endoplasms
  4 giant cockroaches
  16 goblins
  9 hobgoblins
  10 jackals
  4 quokkas
  4 ball pythons
  4 frilled lizards (D:1)
  A hobgoblin zombie (Ossuary)
  11 kobolds
  2 kobold zombies (Ossuary)
  An orc zombie (Ossuary)
  4 rats
102 creatures vanquished.

Vanquished Creatures (collateral kills)
  2 hound zombies (D:4)
  A gnoll (D:3)
  2 adders
  An adder zombie (Ossuary)
  2 orcs
  An endoplasm (D:1)
  2 giant cockroaches
  A gnoll zombie (Ossuary)
  4 hobgoblins
  2 jackals
  A kobold (D:4)
  3 goblins
  An orc zombie (Ossuary)
  A rat (D:2)
24 creatures vanquished.

Grand Total: 126 creatures vanquished

Table legend: (Time is in decaauts)
 A = Elapsed time spent in this place.
 B = Non-inter-level travel time spent in this place.
 C = Inter-level travel time spent in this place.
 D = Time resting spent in this place.
 E = Time spent auto-exploring this place.
 F = Levels seen in this place.
 G = Mean time per level.
                   A        B        C        D        E       F      G
               +--------+--------+--------+--------+--------+-----+--------+
         Total |   4521 |   4457 |     64 |    138 |   3062 |   5 |  904.2 |
       Dungeon |   4364 |   4300 |     64 |    138 |   2975 |   4 | 1091.0 |
       Ossuary |    157 |    157 |      0 |      0 |     87 |   1 |  157.0 |
               +--------+--------+--------+--------+--------+-----+--------+

Top non-repeatable levels by time:
     D:3: 1741 daAuts
     D:1: 1261 daAuts
     D:2: 1003 daAuts
     D:4: 359 daAuts
 Ossuary: 157 daAuts

Table legend:
 A = Non-vault XP
 B = Vault XP
 C = Vault XP percentage of total XP
 D = Non-vault monster count
 E = Vault monster count
 F = Vault count percentage of total count
                 A         B        C        D         E       F
            +---------+---------+-------+---------+---------+-------
      Total |     286 |     339 |  54.2 |      88 |      38 |  30.2
            +---------+---------+-------+---------+---------+-------
        D:1 |      49 |       7 |  12.5 |      29 |       4 |  12.1
        D:2 |      51 |       0 |   0.0 |      21 |       0 |   0.0
        D:3 |     121 |      38 |  23.9 |      25 |      13 |  34.2
        D:4 |      65 |     119 |  64.7 |      13 |      11 |  45.8
    Ossuary |       0 |     175 | 100.0 |       0 |      10 | 100.0
            +---------+---------+-------+---------+---------+-------
